 Dungeon Crawl Stone Soup version 0.29-a0-298-g3c90f9a769 (webtiles) character file.

Game seed: 7863312392883353818

242 wakim the Insei (level 6, -1/41 HPs)
             Began as an Octopode Transmuter on Mar 22, 2022.
             Slain by a water moccasin (9 damage)
             ... on level 4 of the Dungeon.
             The game lasted 00:09:51 (4568 turns).

wakim the Insei (Octopode Transmuter)               Turns: 4568, Time: 00:09:52

Health: -1/41      AC:  1    Str: 16    XL:     6   Next: 9%
Magic:  10/10      EV: 13    Int: 17    God:
Gold:   267        SH:  0    Dex: 12    Spells: 2/10 levels left

rFire   . . .      SeeInvis .     - Unarmed
rCold   . . .      Faith    .   (no shield)
rNeg    . . .      Spirit   .   (helmet restricted)
rPois   .          Reflect  .   (no amulet)
rElec   .          Harm     .   V - +6 ring of strength
rCorr   .          Rampage  .   (no ring)
Will    .....                   (no ring)
Stlth   +++.......              (no ring)
HPRegen 0.13/turn               (no ring)
MPRegen 0.12/turn               (no ring)
                                (no ring)
                                (no ring)

@: about to teleport
A: almost no armour, amphibious, 8 rings, camouflage 1, gelatinous body 1,
(nimble swimmer 1), tentacles
a: no special abilities


You were on level 4 of the Dungeon.
You visited 1 branch of the dungeon, and saw 5 of its levels.

You collected 267 gold pieces.

Inventory:

Missiles
 X - 14 poisoned darts
Jewellery
 V - a +6 ring of strength (left tentacle)
Wands
 v - a wand of flame (21)
Scrolls
 M - 2 scrolls of amnesia {unknown}
 N - a scroll of holy word {unknown}
 O - 2 scrolls of identify {unknown}
 Q - a scroll of noise {unknown}
 S - a scroll of enchant armour
 W - a scroll of blinking {unknown}
 Y - 2 scrolls of vulnerability {unknown}
Potions
 F - a potion of curing
 L - a potion of lignification {!q}
 P - 2 potions of might {unknown}
 R - a potion of mutation {unknown}
 U - a potion of resistance {unknown}
 Z - a potion of magic {unknown}


   Skills:
 + Level 2.4 Fighting
 - Level 2.0 Dodging
 - Level 3.0 Stealth
 + Level 4.4 Unarmed Combat
 * Level 2.9 Spellcasting
 * Level 3.1 Transmutations
 * Level 0.0 Ice Magic


You had 2 spell levels left.
You knew the following spells:

 Your Spells              Type           Power      Damage    Failure   Level
a - Beastly Appendage     Tmut           26%        N/A       4%          1
c - Ice Form              Ice/Tmut       8%         N/A       65%         4
x - Spider Form           Tmut/Pois      7%         N/A       28%         3

Your spell library contained the following spells:

 Spells                   Type           Power      Damage    Failure   Level
 Wereblood                Tmut           13%        N/A       8%          2
 Passwall                 Tmut/Erth      5%         N/A       14%         2
 Sandblast                Erth           4%         2d4       19%         1
 Stone Arrow              Conj/Erth      4%         3d7       47%         3


Dungeon Overview and Level Annotations

Branches:
Dungeon (5/15)
 Temple: D:4-7

Altars:

Annotations:
D:2 exclusion: 2 gnolls
D:4 exclusions: scorpion and water moccasin


Innate Abilities, Weirdness & Mutations

You cannot wear most types of armour.
You are amphibious.
You can wear up to eight rings at the same time.
Your skin changes colour to match your surroundings (Stealth+).
Your rubbery body absorbs attacks. (AC +1, EV +1)
((You are camouflaged when in or above water. (Stealth+)))
You have tentacles for arms and can constrict up to eight enemies at once.


Message History

The adder bites you.
You are poisoned.
The adder poisons you! 36/41 (-1)
You feel sick.
The orc wizard mumbles some strange words.
The orc wizard flickers and vanishes! 34/41 (-2)
You feel sick.
You feel sick. 33/41 (-1)
You feel sick. 32/41 (-1)
Your tentacle spike disappears.
You feel sick.
You are no longer poisoned.
The water moccasin bites you. 29/41 (-3)
There is a stone staircase leading up here.
Okay, then.
Okay, then.
As you read the scroll of teleportation, it crumbles to dust.
You feel strangely unstable. The water moccasin bites you.
The water moccasin bites you!
* * * LOW HITPOINT WARNING * * *
You are poisoned.
The water moccasin poisons you! 16/41 (-13)
You feel very sick. The water moccasin bites you!
* * * LOW HITPOINT WARNING * * *
You climb upwards.
Level annotation: exclusions: scorpion and water moccasin Reactivating autopickup.
* * * LOW HITPOINT WARNING * * *
You feel very sick.
There is a stone staircase leading down here. 3/41 (-13)
You feel better. The water moccasin bites you!
You die...

............#.##.......#
..##..#....#######.....#
...#.......###......##...#
...####..###.......##...## ##.#
#...#.....#....S.## ##.##
##....<.#####.K..#
#..###......##...##...#
##<..#...........S...###
................@.#.### #####
.....#####....###.###.###†..#
...#####.......#.......#....#
.........##.....##..........##
.....##...#..........#####...##
....####...#......#...###.....#
##...###..###.....##.).##..[###
.##...###.# ###...###.###.###
.####..#..#####...# #.....#


You could see a water moccasin.

Vanquished Creatures
  A scorpion (D:4)
  2 orc wizards
  4 adders
  6 dart slugs
  3 worms
  5 orcs
  5 endoplasms
  2 giant cockroaches (D:2)
  A goblin (D:1)
  4 hobgoblins
  4 jackals (D:1)
  5 quokkas
  7 ball pythons
  7 bats
  6 frilled lizards
  10 kobolds
  9 rats
81 creatures vanquished.

Vanquished Creatures (others)
  9 plants
  13 withered plants (D:2)
22 creatures vanquished.

Grand Total: 103 creatures vanquished

Notes
Turn   | Place    | Note
-------+----------+-------------------------------------------
     0 | D:1      | wakim the Octopode Transmuter began the quest for the Orb.
     0 | D:1      | Reached XP level 1. HP: 13/13 MP: 3/3
   117 | D:1      | Reached skill level 1 in Stealth
   311 | D:1      | Reached XP level 2. HP: 15/18 MP: 3/5
  1059 | D:1      | Reached XP level 3. HP: 23/23 MP: 4/6
  1382 | D:2      | Learned a level 3 spell: Spider Form
  1820 | D:2      | Reached XP level 4. HP: 28/29 MP: 5/7
  2112 | D:2      | Found a faded altar of an unknown god.
  2193 | D:2      | Reached skill level 4 in Unarmed Combat
  3359 | D:4      | Reached XP level 5. HP: 34/34 MP: 6/8
  3972 | D:4      | Reached XP level 6. HP: 33/41 MP: 8/10
  4204 | D:4      | Learned a level 4 spell: Ice Form
  4216 | D:4      | Noticed a water moccasin
  4529 | D:5      | Entered Level 5 of the Dungeon
  4550 | D:5      | Noticed a water moccasin
  4568 | D:4      | Slain by a water moccasin

Illustrated notes

Levels and vault maps discovered:
D:1:      denvon_arrival_planthouse, layout_rooms, serial_bayou_ford_a,
          minmay_tall_x
D:2:      layout_basic, shapermc_ecumenical_altar_flowoftime
D:3:      layout_loops_ring
D:4:      layout_cave_pools
D:5:      layout_cave_pools, minmay_temple_entry_grid, nicolae_elemental_shop,
          minmay_misc_feat_rows, kennysheep_cross_room, serial_park_tiny_pond,
          minmay_statues_item, uniq_sigmund, uniq_ijyb

Skill      XL: |  1  2  3  4  5 |
---------------+----------------+-----
Stealth        | 1 2 3 |  3.0
Unarmed Combat | 4 |  4.4
Fighting       | 2 |  2.4
Transmutations | 3 |  3.1
Dodging        | |  2.0
Spellcasting   | |  2.9

Action                   |  1- 3 |  4- 6 || total
-------------------------+-------+-------++-------
Melee: Unarmed           |    77 |    73 ||   150
       Constrict         |    21 |    23 ||    44
       Tentacles         |    14 |    12 ||    26
       Kick              |    20 |    24 ||    44
       Punch             |     1 |       ||     1
 Cast: Beastly Appendage |    18 |    26 ||    44
  Use: Scroll            |       |     3 ||     3
       Potion            |       |     2 ||     2
 Stab: Sleeping          |     4 |     7 ||    11
Armor: Skin              |     4 |     1 ||     5
Dodge: Dodged            |    48 |    32 ||    80

Table legend: (Time is in decaauts)
 A = Elapsed time spent in this place.
 B = Non-inter-level travel time spent in this place.
 C = Inter-level travel time spent in this place.
 D = Time resting spent in this place.
 E = Time spent auto-exploring this place.
 F = Levels seen in this place.
 G = Mean time per level.
                   A        B        C        D        E       F      G
               +--------+--------+--------+--------+--------+-----+--------+
         Total |   4561 |   4439 |    122 |    502 |   3090 |   5 |  912.2 |
       Dungeon |   4561 |   4439 |    122 |    502 |   3090 |   5 |  912.2 |
               +--------+--------+--------+--------+--------+-----+--------+

Top non-repeatable levels by time:
     D:2: 1271 daAuts
     D:1: 1217 daAuts
     D:3: 1068 daAuts
     D:4: 965 daAuts
     D:5: 37 daAuts
